 Dungeon Crawl Stone Soup version 0.16-a0-3625-g2624681 (webtiles) character file.

1458 Demise101 the Skirmisher (level 8, 31/74 HPs)
             Began as a Centaur Venom Mage on Jan 13, 2015.
             Was a Believer of Ru.
             Quit the game on level 7 of the Dungeon.
             The game lasted 00:13:56 (6635 turns).

Demise101 the Skirmisher (Centaur Venom Mage)       Turns: 6635, Time: 00:13:56

Health: 31/74      AC:  7    Str: 13    XL:     8   Next: 47%
Magic:  14/14      EV:  8    Int: 14    God:    Ru [**....]
Gold:   249        SH:  0    Dex: 12    Spells: 3 memorised, 7 levels left

rFire  . . .     SeeInvis .     a - +2 short sword (drain)
rCold  . . .     Clarity  .     y - +0 ring mail
rNeg   . . .     SustAb   .     (no shield)
rPois  .         Gourm    .     (helmet restricted)
rElec  .         Spirit   .     d - +0 cloak
rCorr  .         Warding  .     M - +0 pair of gloves
rMut   .         Stasis   .     (no barding)
MR     .....                    (no amulet)
Stlth  ++........               (no ring)
                                k - ring of stealth

@: very quick, not resistant to hostile enchantments, unstealthy
A: beak, hooves 3, thin skeletal structure 1, deformed body, speed 2, tough skin
3, placid magic 1, inability to drink while threatened, magic vulnerability 1
a: Renounce Religion


You were on level 7 of the Dungeon.
You worshipped Ru.
Ru was pleased with you.
You were not hungry.

You visited 1 branch of the dungeon, and saw 7 of its levels.
You also visited: Sewer.

You collected 249 gold pieces.

Inventory:

Hand weapons
 a - a +2 short sword of draining (weapon)
 b - a +0 hunting sling
 g - a +2 rapier of speed
 o - a +0 dagger
 E - a +0 blowgun
 J - a +0 falchion
 L - a +1 flail
 N - a +0 long sword
Missiles
 q - 47 stones (quivered)
 w - 59 arrows
 F - 21 poisoned needles
Armour
 d - a +0 cloak (worn)
 y - a +0 ring mail (worn)
 M - a +0 pair of gloves (worn)
Jewellery
 k - a ring of stealth (left hand)
Magical devices
 v - a wand of polymorph (24)
Scrolls
 e - 3 scrolls of remove curse
 j - 4 scrolls of teleportation
 n - a scroll of enchant weapon
 u - a scroll of amnesia
Potions
 h - 2 potions of agility
 l - a potion of poison {unknown}
 t - a potion of brilliance {unknown}
 z - a potion of resistance
 A - 3 potions of heal wounds
 B - a potion of berserk rage
 G - a potion of haste {unknown}
 H - a potion of beneficial mutation {unknown}
 P - a potion of flight {unknown}
 Q - a potion of curing {unknown}
 R - a potion of restore abilities
Books
 p - a Young Poisoner's Handbook

   Spells                             Type                      Level
   a - Sting                          Conjuration/Poison           1
   b - Cure Poison                    Poison                       2
   c - Mephitic Cloud                 Conjuration/Poison/Air       3
   d - Olgreb's Toxic Radiance        Poison                       4
   e - Venom Bolt                     Conjuration/Poison           5
Comestibles
 c - 4 bread rations
 f - 8 meat rations
 i - a slice of pizza
 m - 3 chunks of flesh
 r - 2 fruits
 s - a beef jerky


   Skills:
 * Level 7.6 Fighting
 - Level 2.0 Short Blades
 + Level 2.9 Maces & Flails
 - Level 1.3 Dodging
 - Level 1.2 Stealth
 - Level 3.4 Spellcasting
 - Level 2.1 Conjurations
 - Level 4.0 Poison Magic


You had 7 spell levels left.
You knew the following spells:

 Your Spells              Type           Power        Failure   Level  Hunger
a - Sting                 Conj/Pois      #...         5%          1    #......
b - Cure Poison           Pois           #.........   5%          2    ##.....
c - Mephitic Cloud        Conj/Pois/Air  #.......     28%         3    ###....


Dungeon Overview and Level Annotations

Branches:
Dungeon (7/15)             Temple (0/1) D:6

Altars:
Gozag
Kikubaaqudgha
Nemelex Xobeh
Okawaru
Qazlal
Ru
Sif Muna
Trog
Xom
Yredelemnul


Innate Abilities, Weirdness & Mutations

You have hooves in place of feet.
Armour fits poorly on your strangely shaped body.
You cover ground very quickly.
You have extremely tough skin (AC +3).
You cannot drink potions while threatened.
You are slightly vulnerable to magic.
You have a beak for a mouth.
You have a somewhat thin skeletal structure (Dex +2, Stealth).
Your spells are a little easier to cast, but a little less powerful.


Message History

Throwing (i - inventory):
q - 50 stones (quivered)
Press: ? - help, Shift-Dir - straight line, f/p - necrophage
Aim: a necrophage (lightly damaged)
You throw a stone.
The stone closely misses the necrophage.
The stone hits the hippogriff.
The hippogriff is heavily wounded.
Throwing (i - inventory):
q - 49 stones (quivered)
Press: ? - help, Shift-Dir - straight line, f/p - necrophage
Aim: a necrophage (lightly damaged)
You throw a stone.
The stone hits the necrophage but does no damage.
The necrophage is lightly damaged.
Throwing (i - inventory):
q - 48 stones (quivered)
Press: ? - help, Shift-Dir - straight line, f/p - necrophage
Aim: a necrophage (lightly damaged)
You throw a stone. The stone hits the necrophage.
The necrophage is lightly damaged.
The necrophage is stunned by your will and fails to attack.
Are you sure you want to abandon this character and quit the game? (Confirm with "yes".)

(## #.### #### #.# ##
##.# #.# #. .. .#.###.#
####.#####... ....##.#
#............# ....##.#
#............# .......#
#?...........#
.##########....Y.O.....#
... .((.(H..n@....(.#
... ........r.......# ..
................# ..
...............# .
...............#
.............$.
#............
..........# .........


You could see a hippogriff, an ice beast, an ogre, a necrophage and a quokka.

Vanquished Creatures
  The ghost of Minkie the Chopper, an average NaFi (D:4)
  2 phantoms
  A sky beast (D:3)
  3 ogres
  Sigmund (D:3)
  A big kobold (Sewer)
  A giant frog (D:6)
  A crimson imp (D:6)
  4 orc wizards
  2 hounds
  An orc priest (D:6)
  2 centaur skeletons
  10 adders
  A gnoll (D:7)
  2 river rats
  A giant mite (D:6)
  3 worms
  An adder skeleton (D:5)
  10 giant geckos
  An ooze (D:2)
  28 orcs
  8 bats
  A bat zombie (D:7)
  3 giant cockroaches
  15 goblins
  13 hobgoblins
  5 jackals
  9 kobolds
  5 quokkas
  5 ball pythons
  3 giant newts
  3 quokka skeletons
  12 rats
159 creatures vanquished.

Notes
Turn   | Place    | Note
--------------------------------------------------------------
     0 | D:1      | Demise101, the Centaur Venom Mage, began the quest for the Orb.
     0 | D:1      | Reached XP level 1. HP: 14/14 MP: 2/2
   739 | D:1      | Gained mutation: You have a beak for a mouth. [potion of mutation]
   739 | D:1      | Gained mutation: You have a somewhat thin skeletal structure (Dex +2, Stealth). [potion of mutation]
   739 | D:1      | Gained mutation: Your spells are a little easier to cast, but a little less powerful. [potion of mutation]
   959 | D:1      | Reached skill level 1 in Conjurations
   972 | D:1      | Reached XP level 2. HP: 22/22 MP: 0/3
  1298 | D:1      | Learned a level 2 spell: Cure Poison
  1913 | D:2      | Reached XP level 3. HP: 27/27 MP: 5/5
  2019 | D:2      | Reached skill level 1 in Fighting
  2159 | D:2      | Reached XP level 4. HP: 32/35 MP: 5/5
  2481 | D:3      | Found a basalt altar of Yredelemnul.
  2533 | D:3      | Reached skill level 4 in Poison Magic
  2632 | D:3      | Noticed Sigmund
  2635 | D:3      | Noticed a sky beast
  2635 | D:3      | a worm changed into a sky beast
  2720 | D:3      | Reached XP level 5. HP: 26/42 MP: 5/7
  2852 | D:3      | Killed Sigmund
  3046 | D:3      | Found a sacrificial altar of Ru.
  3058 | D:3      | Reached XP level 6. HP: 46/51 MP: 10/10
  3065 | D:3      | Became a worshipper of Ru the Awakened
  3378 | D:3      | Killed a sky beast
  3489 | D:4      | Found an iron altar of Okawaru.
  3527 | D:4      | Learned a level 3 spell: Mephitic Cloud
  3558 | D:4      | Reached XP level 7. HP: 60/60 MP: 7/13
  3737 | D:4      | Noticed Minkie's ghost (average NaFi)
  3850 | D:4      | Killed Minkie's ghost
  3850 | D:4      | Reached skill level 5 in Fighting
  3850 | D:4      | Reached skill level 1 in Short Blades
  4394 | D:5      | Entered Level 5 of the Dungeon
  4395 | D:5      | Found an opulent altar of Gozag.
  4410 | D:5      | Found a bloodstained altar of Trog.
  4410 | D:5      | Found an ancient bone altar of Kikubaaqudgha.
  4411 | D:5      | Found a deep blue altar of Sif Muna.
  4412 | D:5      | Found a sparkling altar of Nemelex Xobeh.
  4417 | D:5      | Found a shimmering altar of Xom.
  4539 | D:5      | Gained mutation: You are slightly vulnerable to magic. [Ru sacrifice]
  4539 | D:5      | Acquired Ru's first power
  4582 | D:5      | Reached skill level 6 in Fighting
  4665 | D:5      | Found a stormy altar of Qazlal.
  4679 | D:5      | Reached skill level 1 in Maces & Flails
  4820 | D:5      | Reached XP level 8. HP: 47/71 MP: 14/14
  5116 | D:6      | Found a staircase to the Ecumenical Temple.
  5356 | D:6      | Reached skill level 7 in Fighting
  5772 | D:6      | Found a glowing drain.
  5786 | Sewer    | Entered a sewer
  6009 | Sewer    | Found a white marble altar of Elyvilon.
  6070 | D:6      | Identified a scroll of acquirement
  6523 | D:7      | Found an iron altar of Okawaru.
  6524 | D:7      | Gained mutation: You cannot drink potions while threatened. [Ru sacrifice]
  6524 | D:7      | Acquired Ru's second power
  6635 | D:7      | Quit the game

Action                   |  1- 3 |  4- 6 |  7- 9 || total
-------------------------+-------+-------+-------++-------
Melee: Unarmed           |    26 |       |       ||    26
       Short sword       |    27 |   139 |   167 ||   333
       Flail             |       |       |   144 ||   144
 Fire: Hunting sling     |    19 |       |    68 ||    87
Throw: Stone             |     3 |       |     7 ||    10
 Cast: Sting             |    24 |    14 |     5 ||    43
Invok: Sacrifice Essence |       |       |     1 ||     1
       Sacrifice Drink   |       |       |     1 ||     1
Evoke: Wand              |       |     1 |       ||     1
  Use: Potion            |     4 |       |       ||     4
       Scroll            |     1 |     4 |    13 ||    18
 Stab: Sleeping          |     3 |     2 |     4 ||     9
       Distracted        |       |     1 |     1 ||     2
       Paralysed         |       |     1 |       ||     1
  Eat: Chunk             |     3 |     4 |     9 ||    16
